 Dungeon Crawl Stone Soup version 0.18-a0-1637-g109f206 (webtiles) character file.

487 Geeful the Insei (level 7, -7/43 HPs)
             Began as an Octopode Transmuter on Mar 26, 2016.
             Killed from afar by edsrzf's ghost (18 damage)
             ... with a spray of energy
             ... on level 4 of the Dungeon.
             The game lasted 00:10:07 (3921 turns).

Geeful the Insei (Octopode Transmuter)              Turns: 3921, Time: 00:10:08

Health: -7/43      AC:  1    Str:  9    XL:     7   Next: 13%
Magic:  13/13      EV:  7    Int: 15    God:
Gold:   129        SH:  0    Dex: 15    Spells: 3 memorised, 8 levels left

rFire  . . .     SeeInvis .     b - +2 short sword (freeze)
rCold  + . .     Gourm    .     (no shield)
rNeg   . . .     Faith    .     (helmet restricted)
rPois  .         Spirit   .     (no amulet)
rElec  .         Dismiss  .     t - ring of protection from cold
rCorr  .         Reflect  .     (no ring)
SustAt .         Harm     .     (no ring)
MR     .....                    (no ring)
Stlth  ++........               (no ring)
                                (no ring)
                                (no ring)
                                (no ring)

@: not resistant to hostile enchantments, unstealthy
A: almost no armour, amphibious, 8 rings, constrict 8, camouflage 1, gelatinous
body 1
a: no special abilities


You were on level 4 of the Dungeon.
You were not hungry.

You visited 1 branch of the dungeon, and saw 4 of its levels.

You collected 129 gold pieces.

Inventory:

Hand Weapons
 b - a +2 short sword of freezing (weapon)
 u - a +0 blowgun
Missiles
 a - 75 arrows
 d - 8 tomahawks (quivered)
 p - 21 poisoned needles
Jewellery
 t - a ring of protection from cold (left tentacle)
Scrolls
 g - 4 scrolls of identify
 i - 2 scrolls of noise
 k - a scroll of fear
 q - 2 scrolls of random uselessness {unknown}
 y - a scroll of blinking {unknown}
Potions
 f - a potion of flight
 h - a potion of cure mutation
 j - a potion of degeneration {unknown}
 l - a potion of lignification {unknown}
 m - a potion of haste {unknown}
 o - a potion of mutation {unknown}
 r - a potion of ambrosia {unknown}
Books
 e - a book of Changes

   Spells                             Type                      Level
   a - Beastly Appendage              Transmutation                1
   b - Sticks to Snakes               Transmutation                2
   c - Spider Form                    Transmutation/Poison         3
   d - Ice Form                       Ice/Transmutation            4
   e - Blade Hands                    Transmutation                5
 x - a book of Flames

   Spells                             Type                      Level
   a - Flame Tongue                   Conjuration/Fire             1
   b - Throw Flame                    Conjuration/Fire             2
   c - Conjure Flame                  Conjuration/Fire             3
   d - Inner Flame                    Hexes/Fire                   3
   e - Sticky Flame                   Conjuration/Fire             4
   f - Fireball                       Conjuration/Fire             5
Comestibles
 c - 3 bread rations
 n - a beef jerky
 s - 2 chunks of flesh
 w - a slice of pizza


   Skills:
 - Level 1.0 Fighting
 - Level 2.0 Dodging
 + Level 5.2 Unarmed Combat
 + Level 4.0 Spellcasting
 + Level 4.7 Transmutations


You had 8 spell levels left.
You knew the following spells:

 Your Spells              Type           Power        Failure   Level  Hunger
a - Beastly Appendage     Trmt           ###...       2%          1    None
b - Sticks to Snakes      Trmt           ###.....     4%          2    ##.....
c - Spider Form           Trmt/Pois      ##........   24%         3    ###....


Dungeon Overview and Level Annotations

Branches:
Dungeon (4/15)
 Temple: D:4-7

Altars:

Annotations:
D:4 edsrzf's ghost, novice DsCj


Innate Abilities, Weirdness & Mutations

You cannot wear most types of armour.
You are amphibious.
You can wear up to eight rings at the same time.
You can use your tentacles to constrict eight enemies at once.
Your skin changes colour to match your surroundings (Stealth).
Your rubbery body absorbs attacks (AC +1).


Message History

You butcher the iguana corpse.
s - 2 chunks of flesh You start resting.
Magic restored.
You start resting.
Found 15 gold pieces.
Found a royal jelly.
A scorpion comes into view.
Edsrzf's ghost says, "I will blast you to bits."
Edsrzf's ghost points at you and mumbles some strange words.
The magic dart hits you!
Found a stone staircase leading down.
Edsrzf's ghost points at you and mumbles some strange words.
The magic dart hits you!
* * * LOW HITPOINT WARNING * * *
There is a stone staircase leading down here.
Edsrzf's ghost says, "Do you think the gods will protect you?"
Edsrzf's ghost casts a spell at you. The spray of energy hits you!
You die...

#.w. #... ####....
>....... ....%... #....#
######..## $
#.......s@### .#
##...........#.##
#.................
..................
.#.#.......#......
.......(.W.#.####.
.#.#....[....#
............########.#
.#..........##..........#


You could see a worm (wandering), a scorpion and edsrzf's ghost.

Vanquished Creatures
  Sigmund (D:2)
  An ogre (D:4)
  A scorpion (D:3)
  A hound (D:4)
  2 iguanas
  An adder (D:3)
  An ooze (D:1)
  2 worms (D:2)
  2 dart slugs
  3 giant geckos
  5 giant cockroaches
  6 goblins
  13 hobgoblins
  2 jackals (D:1)
  3 quokkas
  3 ball pythons
  10 bats
  5 giant newts
  12 kobolds
  8 rats
82 creatures vanquished.

Notes
Turn   | Place    | Note
--------------------------------------------------------------
     0 | D:1      | Geeful the Octopode Transmuter began the quest for the Orb.
     0 | D:1      | Reached XP level 1. HP: 13/13 MP: 3/3
   297 | D:1      | Reached XP level 2. HP: 15/18 MP: 5/5
   594 | D:1      | Reached XP level 3. HP: 23/23 MP: 6/6
  1078 | D:2      | Noticed Sigmund
  1567 | D:2      | Reached XP level 4. HP: 25/28 MP: 7/7
  1576 | D:2      | Learned a level 2 spell: Sticks to Snakes
  1580 | D:2      | Learned a level 3 spell: Spider Form
  2266 | D:2      | Reached skill level 4 in Unarmed Combat
  2273 | D:2      | Killed Sigmund
  2273 | D:2      | Reached XP level 5. HP: 17/33 MP: 8/10
  2273 | D:2      | Reached XP level 6. HP: 19/38 MP: 8/11
  3520 | D:4      | Noticed edsrzf's ghost (novice DsCj)
  3761 | D:4      | Reached skill level 5 in Unarmed Combat
  3761 | D:4      | Reached XP level 7. HP: 43/43 MP: 8/12
  3921 | D:4      | Killed from afar by edsrzf's ghost

Vault maps used:
D:1:      minmay_arrival_shattered_statue
D:2:      uniq_sigmund
D:4:      minmay_temple_entry_enclosed_plants, glass_columns_a

Skill      XL: |  1  2  3  4  5  6  7 |
---------------+----------------------+-----
Transmutations | 3 4 |  4.7
Unarmed Combat | 4 5 |  5.2
Spellcasting   | 3 4 |  4.0
Fighting       | |  1.0
Dodging        | |  2.0

Action                   |  1- 3 |  4- 6 |  7- 9 || total
-------------------------+-------+-------+-------++-------
Melee: Unarmed           |    10 |    21 |       ||    31
       Short sword       |    58 |    56 |     4 ||   118
 Fire: Blowgun           |       |     2 |       ||     2
 Cast: Beastly Appendage |     3 |       |       ||     3
       Sticks to Snakes  |       |     3 |       ||     3
       Spider Form       |       |     4 |       ||     4
  Use: Scroll            |     3 |       |     1 ||     4
       Potion            |       |     3 |     1 ||     4
 Stab: Sleeping          |    11 |     8 |       ||    19
  Eat: Chunk             |     2 |     9 |       ||    11
